 Dungeon Crawl Stone Soup version 0.17-a0-562-gfd539b1 (webtiles) character file.

84 inmateoo the Insei (level 4, 0/34 HPs)
             Began as a Vampire Monk on Apr 14, 2015.
             Killed from afar by an orc wizard (8 damage)
             ... with a puff of flame
             ... on level 3 of the Dungeon.
             The game lasted 00:04:05 (1994 turns).

inmateoo the Insei (Vampire Monk)                   Turns: 1994, Time: 00:04:06

Health: 0/34       AC:  2    Str: 10    XL:     4   Next: 23%
Magic:  4/4        EV: 14    Int: 12    God:
Gold:   95         SH:  0    Dex: 17    Spells: 0 memorised, 3 levels left

rFire  . . .     SeeInvis +     o - +4 dagger (venom)
rCold  . . .     Clarity  .     a - +0 robe
rNeg   . . .     SustAb   .     (no shield)
rPois  .         Gourm    .     (no helmet)
rElec  .         Spirit   .     (no cloak)
rCorr  .         Warding  .     (no gloves)
rMut   .         Stasis   .     (no boots)
MR     .....                    (no amulet)
Stlth  +++.......               (no ring)
                                (no ring)

@: lethally poisoned (0 -> -1), regenerating quickly, not resistant to hostile
enchantments, fairly stealthy
A: fangs 3, see invisible, unbreathing
a: no special abilities


You were on level 3 of the Dungeon.
You were very full.

You visited 1 branch of the dungeon, and saw 3 of its levels.

You collected 95 gold pieces.

Inventory:

Hand weapons
 o - a +4 dagger of venom (weapon)
Missiles
 d - 2 throwing nets (quivered)
Armour
 a - a +0 robe (worn)
Scrolls
 g - a scroll of remove curse {unknown}
 h - a scroll of noise {unknown}
 i - a scroll of enchant armour {unknown}
 j - a scroll of amnesia {unknown}
 k - a scroll of identify {unknown}
 l - a scroll of recharging {unknown}
 m - a scroll of fear {unknown}
 p - a scroll of teleportation {unknown}
Potions
 b - a potion of blood
 c - 2 potions of curing {unknown}
 e - 2 potions of restore abilities {unknown}
 f - a potion of invisibility {unknown}
Books
 n - a book of Callings

   Spells                             Type                      Level
   a - Summon Small Mammal            Summoning                    1
   b - Call Imp                       Summoning                    2
   c - Call Canine Familiar           Summoning                    3
   d - Summon Guardian Golem          Hexes/Summoning              3
   e - Summon Lightning Spire         Summoning/Air                4
   f - Summon Ice Beast               Ice/Summoning                4


   Skills:
 - Level 2.6 Fighting
 + Level 3.7 Dodging
 * Level 5.0 Stealth
 * Level 5.3 Unarmed Combat


You had 3 spell levels left.
You didn't know any spells.

Dungeon Overview and Level Annotations

Branches:
Dungeon (3/15)

Altars:
Trog

Annotations:
D:3 Terence


Innate Abilities, Weirdness & Mutations

Your natural rate of healing is unusually fast.
You have razor-sharp teeth.
You have supernaturally acute eyesight.
You can survive without breathing.


Message History

An orc comes into view. It is wielding a flail.
You feel sick.
The orc shouts!
You hit the orc wizard but do no damage.
The orc wizard is poisoned.
Your bite misses the orc wizard.
The orc wizard mumbles some strange words.
The orc wizard flickers and vanishes for a moment.
You hit the orc wizard but do no damage.
The orc wizard looks even sicker.
You feel sick. The orc wizard hits you with a dagger.
You hit the orc wizard.
The orc wizard is lightly wounded.
The orc wizard points at you and mumbles some strange words.
The puff of flame hits you!
* * * LOW HITPOINT WARNING * * *
You barely miss the orc wizard.
The orc wizard is moderately wounded.
The orc wizard casts a spell at you. The puff of flame hits you!
You die...

###########.......
#######...........#.##.#
#)....#.########..#.##..
###.....#.########..#.##.. #
.........................
#.###.....#.#####.....#.##..
#.........#.# #.....#.##.# #
#......#.# ####).#.##..
####'##..o..)#@########..#.##.#
....>...(...oo.................
o.....#......#.............##.#
.....#......################.#
...? #.###### #.........# ..
#.# #########.######..# #.#
#......##.# #..# #.#
#......##.######..# #.#
#......##>##......#


You could see an orc wizard (invisible) and an orc.

Vanquished Creatures
  2 adders
  4 worms
  A giant gecko (D:3)
  8 orcs (D:3)
  A bat (D:2)
  5 giant cockroaches
  3 goblins
  6 hobgoblins
  7 kobolds
  3 quokkas
  A giant newt (D:3)
  6 rats
47 creatures vanquished.

Notes
Turn   | Place    | Note
--------------------------------------------------------------
     0 | D:1      | inmateoo, the Vampire Monk, began the quest for the Orb.
     0 | D:1      | Reached XP level 1. HP: 17/17 MP: 1/1
    70 | D:2      | Reached XP level 2. HP: 13/23 MP: 2/2
   429 | D:2      | Found a bloodstained altar of Trog.
   731 | D:2      | Reached XP level 3. HP: 12/28 MP: 3/3
   839 | D:2      | Reached skill level 5 in Unarmed Combat
  1507 | D:3      | Noticed Terence
  1563 | D:3      | Reached XP level 4. HP: 24/34 MP: 4/4
  1630 | D:3      | Reached skill level 5 in Stealth
  1994 | D:3      | Killed from afar by an orc wizard

Action                   |  1- 3 |  4- 6 || total
-------------------------+-------+-------++-------
Melee: Unarmed           |   140 |    17 ||   157
       Dagger            |       |    11 ||    11
Throw: Throwing net      |     5 |       ||     5
 Stab: Held in net/web   |     5 |       ||     5
       Sleeping          |     4 |     2 ||     6
       Distracted        |     1 |       ||     1
  Eat: Corpse            |     9 |     3 ||    12
